 Dungeon Crawl Stone Soup version 0.23.2-33-g5129a83 (webtiles) character file.

Game seed: 951979108017829543

5544 Aphrodieselac the Slinger (level 11, -5/77 HPs)
             Began as a Human Hunter on Aug 2, 2019.
             Was an Initiate of Gozag.
             Shot with an arrow by a centaur warrior (16 damage)
             ... on level 9 of the Dungeon.
             The game lasted 01:17:28 (12173 turns).

Aphrodieselac the Slinger (Human Hunter)           Turns: 12173, Time: 01:17:29

Health: -5/77      AC:  9    Str: 13    XL:     11   Next: 2%
Magic:  0/11       EV: 15    Int: 12    God:    Gozag
Gold:   906        SH:  0    Dex: 16    Spells: 10/10 levels left

rFire    + . .     SeeInvis .   P - +0 fustibalus
rCold    + + .     Gourm    .   (no shield)
rNeg     . . .     Faith    .   c - +0 leather armour
rPois    .         Spirit   +   (no helmet)
rElec    .         Reflect  .   N - scarf {rC+ rF+}
rCorr    .         Harm     .   M - +2 pair of gloves
MR       .....                  t - +2 pair of boots
Stlth    ++........             u - amulet of guardian spirit
HPRegen  0.22/turn              J - +3 ring of evasion
MPRegen  0.12/turn              y - ring of protection from cold

@: no status effects
A: no striking features
a: Potion Petition, Call Merchant, Bribe Branch, Renounce Religion


You were on level 9 of the Dungeon.
You worshipped Gozag.
Gozag was pleased with you.
You were very hungry.

You visited 2 branches of the dungeon, and saw 11 of its levels.

You collected 1010 gold pieces.
You paid 104 gold pieces to Gozag.

Inventory:

Hand Weapons
 a - a +2 dagger of venom
 b - a +1 hunting sling
 q - a +0 short sword
 w - a +0 quarterstaff
 L - a +1 dagger of freezing
 P - a +0 fustibalus (weapon)
Missiles
 d - 55 sling bullets (quivered)
 e - 180 stones
Armour
 c - a +0 leather armour (worn)
 t - a +2 pair of boots (worn)
 M - a +2 pair of gloves (worn)
 N - a scarf of resistance (worn)
Jewellery
 l - an uncursed ring of fire
 u - an amulet of guardian spirit (around neck)
 y - a ring of protection from cold (right hand)
 G - an uncursed ring of protection from fire
 I - an uncursed ring of ice
 J - a +3 ring of evasion (left hand)
Wands
 B - a wand of scattershot (13)
 C - a wand of flame (29)
 F - a wand of polymorph (10)
 K - a wand of paralysis (6)
Scrolls
 g - 3 scrolls of teleportation
 h - a scroll of vulnerability {unknown}
 j - a scroll of random uselessness {unknown}
 k - 4 scrolls of remove curse {unknown}
 m - 4 scrolls of identify
 r - 2 scrolls of fear {unknown}
 s - 2 scrolls of blinking {unknown}
 v - a scroll of amnesia {unknown}
 x - 3 scrolls of enchant armour
 O - a scroll of fog {unknown}
 Q - a scroll of immolation {unknown}
 R - a scroll of noise {unknown}
Potions
 i - 2 potions of agility
 n - 2 potions of might
 o - 4 potions of curing
 p - 2 potions of brilliance
 A - 2 potions of haste
 D - 2 potions of cancellation {unknown}
 E - a potion of ambrosia
 H - 3 potions of berserk rage {unknown}
Comestibles
 f - 9 rations


   Skills:
 + Level 4.1 Fighting
 + Level 10.8 Staves
 * Level 11.2 Slings
 - Level 2.0 Dodging
 - Level 1.0 Stealth


You had 10 spell levels left.
You didn't know any spells.
Your spell library contained the following spells:

 Spells                   Type           Power        Failure   Level  Hunger
 Beastly Appendage        Tmut           #.....       38%         1    ##.....
 Magic Dart               Conj           #...         38%         1    ##.....
 Summon Small Mammal      Summ           #...         38%         1    ##.....
 Blink                    Tloc           N/A          54%         2    ###....
 Call Imp                 Summ           #.......     54%         2    ###....
 Slow                     Hex            #.......     54%         2    ###....
 Sticks to Snakes         Tmut           #.......     54%         2    ###....
 Call Canine Familiar     Summ           #.......     77%         3    ####...
 Conjure Flame            Conj/Fire      #.......     77%         3    ####...
 Mephitic Cloud           Conj/Pois/Air  #.......     77%         3    ####...
 Spider Form              Tmut/Pois      #.........   77%         3    ####...
 Summon Guardian Golem    Hex/Summ       #.......     77%         3    ####...
 Ice Form                 Ice/Tmut       #.......     99%         4    #####..
 Summon Ice Beast         Ice/Summ       #.......     99%         4    #####..
 Summon Lightning Spire   Summ/Air       #.......     99%         4    #####..
 Blade Hands              Tmut           #.........   100%        5    ######.


Dungeon Overview and Level Annotations

Branches:
Dungeon (10/15)            Temple (1/1) D:6            Lair (0/6) D:9
    Orc: D:9-12

Altars:
Ashenzari
Cheibriados
Dithmenos
Elyvilon
Fedhas
Gozag
Hepliaklqana
Kikubaaqudgha
Makhleb
Nemelex Xobeh
Okawaru
Qazlal
Ru
Sif Muna
Trog
Uskayaw
Vehumet
Wu Jian
Xom
Yredelemnul
Zin
The Shining One

Shops:
D:8 }


Message History

Aim: a centaur warrior, wielding a +0 shortbow and carrying a wand of digging (3) (heavily wounded)
You shoot a sling bullet.
The sling bullet hits the centaur warrior.
The centaur warrior is heavily wounded.
The centaur warrior shoots an arrow.
The arrow completely misses you.
Firing (i - inventory. (/) - cycle)
d - 57 sling bullets (quivered)
Press: ? - help, Shift-Dir - straight line, f/p - centaur warrior
Aim: a centaur warrior, wielding a +0 shortbow and carrying a wand of digging (3) (heavily wounded)
You shoot a sling bullet.
The sling bullet hits the centaur warrior but does no damage.
The centaur warrior is heavily wounded.
Firing (i - inventory. (/) - cycle)
d - 56 sling bullets (quivered)
Press: ? - help, Shift-Dir - straight line, f/p - centaur warrior
Aim: a centaur warrior, wielding a +0 shortbow and carrying a wand of digging (3) (heavily wounded)
You shoot a sling bullet.
The sling bullet hits the centaur warrior.
The centaur warrior is heavily wounded.
The centaur warrior shoots an arrow.
The arrow hits you!!
You die...
Your body crumbles into a pile of gold.

##...............#
#................#
#................#
#...............##
##..............#
##.............#
##............#
######.#........#
#@.##..#....>...#
##....##........##
###c(#...........
##(#...........
#.((..........
##..(.........
#............
#............
##...........


You could see a centaur warrior.

Vanquished Creatures
  2 two-headed ogres
  Pikel (D:5)
  2 hippogriffs
  A wyvern (D:9)
  A steam dragon (D:9)
  A water moccasin (D:5)
  2 ice beasts
  3 slaves
  2 sky beasts
  A black bear (D:9)
  A necrophage (D:7)
  A phantom (D:8)
  2 centaurs
  4 ogres
  Blork the orc (D:4)
  2 bullfrogs (D:6)
  4 scorpions
  2 water moccasin skeletons
  A killer bee (D:9)
  2 howler monkeys
  4 wights
  5 crimson imps
  2 orc priests
  4 hounds
  6 orc wizards
  Ijyb (D:4)
  2 iguanas (D:7)
  4 centaur skeletons
  6 worker ants
  A killer bee zombie (D:8)
  2 hound zombies
  13 gnolls
  5 adders
  A shadow imp (D:6)
  An ooze (D:3)
  4 adder skeletons
  3 worms
  3 leopard geckos
  20 orcs
  4 giant cockroaches
  8 goblins
  7 hobgoblins
  2 jackals (D:9)
  2 quokkas
  8 bats
  5 frilled lizards
  A giant cockroach zombie (D:5)
  8 kobolds
  9 rats
177 creatures vanquished.

Notes
Turn   | Place    | Note
-------+----------+-------------------------------------------
     0 | D:1      | Aphrodieselac the Human Hunter began the quest for the Orb.
     0 | D:1      | Reached XP level 1. HP: 16/16 MP: 1/1
   244 | D:1      | Reached XP level 2. HP: 21/23 MP: 2/2
   612 | D:1      | Reached XP level 3. HP: 22/28 MP: 3/3
  1331 | D:2      | Reached XP level 4. HP: 28/35 MP: 4/4
  1788 | D:2      | Reached skill level 5 in Slings
  2134 | D:3      | Reached XP level 5. HP: 41/41 MP: 5/5
  2414 | D:3      | Reached skill level 1 in Staves
  3376 | D:4      | Noticed Ijyb
  3395 | D:3      | Reached XP level 6. HP: 40/47 MP: 4/6
  3859 | D:4      | Killed Ijyb
  3966 | D:4      | Noticed Blork the orc
  3993 | D:4      | Killed Blork the orc
  3993 | D:4      | Reached XP level 7. HP: 38/52 MP: 7/7
  4407 | D:3      | Reached skill level 6 in Slings
  4839 | D:5      | Entered Level 5 of the Dungeon
  4859 | D:5      | Reached skill level 5 in Staves
  4998 | D:5      | Noticed a water moccasin
  5450 | D:5      | Killed a water moccasin
  5450 | D:5      | Reached XP level 8. HP: 18/58 MP: 3/8
  6322 | D:5      | Reached skill level 7 in Slings
  6584 | D:6      | Noticed Pikel
  6994 | D:5      | Killed Pikel
  6994 | D:5      | Reached skill level 8 in Slings
  6994 | D:5      | Reached XP level 9. HP: 42/64 MP: 7/9
  7169 | D:6      | Found a staircase to the Ecumenical Temple.
  7175 | Temple   | Entered the Ecumenical Temple
  7239 | Temple   | Became a worshipper of Gozag Ym Sagoz the Greedy
  7657 | D:6      | Found a shimmering altar of Xom.
  7702 | D:6      | Found a deep blue altar of Sif Muna.
  7702 | D:6      | Found a blossoming altar of Fedhas.
  7705 | D:6      | Found a white marble altar of Elyvilon.
  7705 | D:6      | Found a hide-covered altar of Uskayaw.
  7705 | D:6      | Found a shimmering altar of Xom.
  8235 | D:7      | Reached skill level 9 in Slings
  8914 | D:8      | Found Jootang's Gadget Shop.
  8977 | D:8      | Noticed a two-headed ogre
  9104 | D:8      | Noticed a hippogriff
  9104 | D:8      | Noticed a two-headed ogre
  9369 | D:7      | Killed a two-headed ogre
  9369 | D:7      | Reached skill level 10 in Slings
  9369 | D:7      | Reached XP level 10. HP: 36/70 MP: 7/10
  9694 | D:8      | Reached skill level 10 in Staves
 10581 | D:8      | Killed a two-headed ogre
 10874 | D:9      | Found a staircase to the Lair.
 10970 | D:9      | Reached skill level 11 in Slings
 11791 | D:10     | Entered Level 10 of the Dungeon
 11796 | D:10     | Reached XP level 11. HP: 56/77 MP: 7/11
 11797 | D:10     | Noticed a manticore
 11830 | D:10     | Noticed a centaur warrior
 11842 | D:9      | HP: 1/77 [centaur warrior/arrow (11)]
 12173 | D:9      | Shot with an arrow by a centaur warrior

Skill      XL: |  1  2  3  4  5  6  7  8  9 10 |
---------------+-------------------------------+-----
Fighting       | 3 4 |  4.1
Slings         | 5 6 8 10 11 | 11.2
Staves         | 2 3 5 7 9 10 | 10.8
Dodging        | |  2.0
Stealth        | |  1.0

Action                   |  1- 3 |  4- 6 |  7- 9 | 10-12 || total
-------------------------+-------+-------+-------+-------++-------
Melee: Short sword       |    46 |       |       |       ||    46
       Dagger            |     3 |   113 |   263 |    86 ||   465
       Quarterstaff      |       |       |    50 |    61 ||   111
 Fire: Hunting sling     |    64 |    78 |   168 |    41 ||   351
       Fustibalus        |       |       |       |    54 ||    54
  Use: Scroll            |       |     1 |     4 |     7 ||    12
       Potion            |       |       |     2 |     2 ||     4
 Stab: Sleeping          |     1 |     2 |       |       ||     3
       Distracted        |       |       |       |     1 ||     1
  Eat: Chunk             |     1 |     5 |    11 |       ||    17
       Ration            |       |     1 |     2 |     2 ||     5
Armor: Leather armour    |    17 |    22 |    66 |    61 ||   166
Dodge: Dodged            |    34 |    66 |   236 |   171 ||   507
